A- EAST
FREDERICKSBURG NATIONALS @ DOWN EAST WOOD DUCKS
06/01/2042
 
TOP OF THE 1ST
Fredericksburg Nationals batting - Pitching for Down East Wood Ducks : RHP Dominic Boyer
Pitching: RHP Dominic Boyer
Batting: LHB Jacome Passos 0-0: Ball
1-0: Fly out, F9 (Flyball, 9S, EV 88.1 MPH)
Batting: RHB Juan Ramírez 0-0: Foul Ball, location: 9LMF
0-1: Ball
1-1: Swinging Strike
1-2: Ball
2-2: Ball
3-2: Base on Balls
Batting: RHB Víctor Peña 0-0: SINGLE (Groundball, 6S, EV 68.8 MPH) (infield hit)
Juan Ramírez to second
Batting: RHB Esteban Gonzáles 0-0: Ball
1-0: Fielders Choice at 2nd, 3-6 (Groundball, 3, EV 87.5 MPH)
Juan Ramírez to third
Batting: RHB Pat Conley 0-0: Called Strike
0-1: Ball
1-1: Ball
2-1: Fly out, F3 (Popup, 23F, EV 88.8 MPH)
Top of the 1st over - 0 runs, 1 hit, 0 errors, 2 left on base; Fredericksburg 0 - Down East 0
BOTTOM OF THE 1ST
Down East Wood Ducks batting - Pitching for Fredericksburg Nationals : RHP John Rathwell
Pitching: RHP John Rathwell
Batting: RHB Steve Boyd 0-0: Ball
1-0: Ball
2-0: Ball
3-0: Base on Balls
Batting: RHB Jorge Colón 0-0: Ball
1-0: Sac Bunt to 5S - play at first, batter OUT! 5-3
Steve Boyd to second
Batting: RHB Tim Jones 0-0: Called Strike
0-1: Called Strike
0-2: Ball
1-2: Ball
2-2: Foul Ball, location: 5F
2-2: Ball
3-2: Base on Balls
Batting: RHB Bob Barlow 0-0: Swinging Strike
0-1: DOUBLE (Line Drive, 7LS, EV 99.4 MPH)
Steve Boyd scores
Tim Jones to third
Batting: LHB Jonathan Morgan 0-0: Hit by Pitch
Batting: RHB Mike Gaughan 0-0: Called Strike
0-1: Ball
1-1: Ball
2-1: Foul Ball, location: 9LMF
2-2: Ball
3-2: Base on Balls
Tim Jones scores
Bob Barlow to third
Jonathan Morgan to second
Batting: RHB Chris Sherman 0-0: Ball
1-0: Ball
2-0: Foul Ball, location: 5F
2-1: Ball
3-1: Base on Balls
Bob Barlow scores
Jonathan Morgan to third
Mike Gaughan to second
Batting: SHB Jim Unknown 0-0: Called Strike
0-1: Called Strike
0-2: Ball
1-2: Ball
2-2: Ball
3-2: Base on Balls
Jonathan Morgan scores
Mike Gaughan to third
Chris Sherman to second
Batting: RHB Jim Unknown 0-0: Ball
1-0: Called Strike
1-1: Called Strike
1-2: Hit by Pitch
Mike Gaughan scores
Chris Sherman to third
Jim Unknown to second
Pitching: RHP Stu White
Batting: RHB Steve Boyd 0-0: Ball
1-0: Called Strike
1-1: Ball
2-1: Swinging Strike
2-2: Fly out, F7 (Flyball, 7D, EV 96.9 MPH)
Runner from 3rd tags up, SCORES, no throw by LF
Batting: RHB Jorge Colón 0-0: Foul Ball, location: 7LMF
0-1: Ball
1-1: SINGLE (Groundball, 56D, EV 101.9 MPH)
Jim Unknown to third
Jim Unknown to second
Runner from 3rd tries for Home, SAFE, throw by LF to home
Batting: RHB Tim Jones 0-0: Ball
1-0: Fielders Choice at 2nd, 6-4 (Groundball, 6, EV 101.9 MPH)
Bottom of the 1st over - 7 runs, 2 hits, 0 errors, 2 left on base; Fredericksburg 0 - Down East 7
TOP OF THE 2ND
Fredericksburg Nationals batting - Pitching for Down East Wood Ducks : RHP Dominic Boyer
Batting: RHB Edgar Ramírez 0-0: Ground out 6-3 (Groundball, 6, EV 107.5 MPH)
Batting: RHB Darren Floyd 0-0: Ball
1-0: Called Strike
1-1: Foul Ball, location: 3F
1-2: Ball
2-2: Ball
3-2: Foul Ball, location: 5FF
3-2: SINGLE (Groundball, 6MD, EV 101.9 MPH)
Batting: LHB Steve Norton 0-0: SINGLE (Groundball, 34D, EV 103.1 MPH)
Darren Floyd to second
Batting: RHB Kieran Pittman 0-0: Called Strike
0-1: Foul Ball, location: 2F
0-2: Ball
1-2: Foul Ball, location: 5FF
1-2: Strikes out swinging
Batting: LHB Jacome Passos 0-0: Called Strike
0-1: Foul Ball, location: 25FF
0-2: Strikes out swinging
Top of the 2nd over - 0 runs, 2 hits, 0 errors, 2 left on base; Fredericksburg 0 - Down East 7
BOTTOM OF THE 2ND
Down East Wood Ducks batting - Pitching for Fredericksburg Nationals : RHP Stu White
Batting: RHB Bob Barlow 0-0: Ball
1-0: Foul Ball, location: 2F
1-1: Swinging Strike
1-2: Ball
2-2: Ball
3-2: Foul Ball, location: 2F
3-2: Base on Balls
Batting: LHB Jonathan Morgan 0-0: Called Strike
Bob Barlow steals 2nd base
0-1: Ball
1-1: Foul Ball, location: 5FF
1-2: Ball
2-2: Fly out, F9 (Flyball, 9D, EV 110.0 MPH)
Runner from 2nd tags up, SAFE at 3rd, no throw by RF
Batting: RHB Mike Gaughan 0-0: Called Strike
0-1: Hit by Pitch
Batting: RHB Chris Sherman 0-0: Foul Ball, location: 2F
0-1: Ball
1-1: Ball
2-1: Ball
3-1: Base on Balls
Mike Gaughan to second
Batting: SHB Jim Unknown 0-0: Called Strike
0-1: SINGLE (Groundball, 34, EV 99.4 MPH)
Bob Barlow scores
Mike Gaughan to third
Chris Sherman to second
Batting: RHB Jim Unknown 0-0: Ball
1-0: Ball
2-0: Foul Ball, location: 5FF
2-1: Ball
3-1: Called Strike
3-2: Grounds into fielders choice 1-2 (Groundball, 13, EV 73.8 MPH)
Chris Sherman to third
Jim Unknown to second
Batting: RHB Steve Boyd 0-0: Ball
1-0: Ball
2-0: Ball
3-0: Called Strike
3-1: Called Strike
3-2: Base on Balls
Chris Sherman scores
Jim Unknown to third
Jim Unknown to second
Batting: RHB Jorge Colón 0-0: Ball
1-0: Ball
2-0: Foul Ball, location: 2F
2-1: Ball
3-1: Base on Balls
Jim Unknown scores
Jim Unknown to third
Steve Boyd to second
Batting: RHB Tim Jones 0-0: Fly out, F8 (Line Drive, 8RM, EV 93.8 MPH)
Bottom of the 2nd over - 3 runs, 1 hit, 0 errors, 3 left on base; Fredericksburg 0 - Down East 10
TOP OF THE 3RD
Fredericksburg Nationals batting - Pitching for Down East Wood Ducks : RHP Dominic Boyer
Batting: RHB Juan Ramírez 0-0: Foul Ball, location: 2F
0-1: Ball
1-1: Ground out 3-1 (Groundball, 34, EV 83.8 MPH)
Batting: RHB Víctor Peña 0-0: Ball
1-0: SINGLE (Groundball, 56D, EV 106.9 MPH)
Batting: RHB Esteban Gonzáles 0-0: Ball
1-0: Called Strike
1-1: Swinging Strike
1-2: Foul Ball, location: 7LDF
1-2: Ball
2-2: Strikes out swinging
Batting: RHB Pat Conley 0-0: Ball
Víctor Peña steals 2nd base
1-0: Ball
2-0: Called Strike
2-1: Ball
Wild Pitch!
Víctor Peña to third
3-1: Foul Ball, location: 2F
3-2: Base on Balls
Batting: RHB Edgar Ramírez 0-0: Ball
1-0: Fly out, F8 (Flyball, 8LD, EV 106.9 MPH)
Top of the 3rd over - 0 runs, 1 hit, 0 errors, 2 left on base; Fredericksburg 0 - Down East 10
BOTTOM OF THE 3RD
Down East Wood Ducks batting - Pitching for Fredericksburg Nationals : RHP Stu White
Batting: RHB Bob Barlow 0-0: Ball
1-0: Ball
2-0: Swinging Strike
2-1: DOUBLE (Line Drive, 78D, EV 98.8 MPH)
Batting: LHB Jonathan Morgan 0-0: Ball
1-0: Ball
2-0: Ball
3-0: Called Strike
3-1: Called Strike
3-2: Foul Ball, location: 7LSF
3-2: Strikes out swinging
Batting: RHB Mike Gaughan 0-0: Ball
1-0: Ground out 6-3 (Groundball, 6M, EV 106.3 MPH)
Bob Barlow to third
Batting: RHB Chris Sherman 0-0: Foul Ball, location: 25F
0-1: Swinging Strike
0-2: Ball
1-2: Ground out 5-3 (Groundball, 5, EV 87.5 MPH)
Bottom of the 3rd over - 0 runs, 1 hit, 0 errors, 1 left on base; Fredericksburg 0 - Down East 10
TOP OF THE 4TH
Fredericksburg Nationals batting - Pitching for Down East Wood Ducks : RHP Dominic Boyer
Batting: RHB Darren Floyd 0-0: Ball
1-0: Ball
2-0: Called Strike
2-1: Ball
3-1: Foul Ball, location: 9LSF
3-2: Base on Balls
Batting: LHB Steve Norton 0-0: Called Strike
0-1: Ball
1-1: Foul Ball, location: 7LMF
1-2: Strikes out swinging
Batting: RHB Kieran Pittman 0-0: SINGLE (Line Drive, 8RS, EV 103.8 MPH)
Darren Floyd to second
Batting: LHB Jacome Passos 0-0: Called Strike
0-1: Ball
1-1: Ball
2-1: Fielders Choice at 2nd, 4-6 (Groundball, 4D, EV 101.9 MPH)
Darren Floyd to third
Batting: RHB Juan Ramírez 0-0: Foul Ball, location: 2F
0-1: Foul Ball, location: 2F
0-2: Ball
1-2: Strikes out swinging
Top of the 4th over - 0 runs, 1 hit, 0 errors, 2 left on base; Fredericksburg 0 - Down East 10
BOTTOM OF THE 4TH
Down East Wood Ducks batting - Pitching for Fredericksburg Nationals : RHP Stu White
Batting: SHB Jim Unknown 0-0: Swinging Strike
0-1: Ball
1-1: SINGLE (Line Drive, 34D, EV 98.1 MPH)
Batting: RHB Jim Unknown 0-0: Foul Ball, location: 5FF
0-1: DOUBLE (Flyball, 78D, EV 106.3 MPH)
Jim Unknown to third
Batting: RHB Steve Boyd 0-0: Called Strike
0-1: Ball
1-1: Foul Ball, location: 2F
1-2: Ball
2-2: Ball
3-2: Base on Balls
Batting: RHB Jorge Colón 0-0: Ball
1-0: Ball
2-0: Foul Ball, location: 3SF
2-1: Ball
3-1: Swinging Strike
3-2: Foul Ball, location: 9LSF
3-2: Base on Balls
Jim Unknown scores
Jim Unknown to third
Steve Boyd to second
Pitching: RHP Danny Lane
Batting: RHB Tim Jones 0-0: Called Strike
0-1: Fly out, F8 (Flyball, 8RD, EV 101.3 MPH)
Batting: RHB Bob Barlow 0-0: Called Strike
0-1: Fly out, F7 (Flyball, 7LSF, EV 89.4 MPH)
Runner from 3rd tags up, SCORES, throw by LF
Batting: LHB Jonathan Morgan 0-0: Ball
1-0: Foul Ball, location: 2F
1-1: Foul Ball, location: 23FF
1-2: Ball
2-2: Ball
3-2: DOUBLE (Groundball, 3L, EV 102.5 MPH)
Steve Boyd scores
Jorge Colón to third
Jorge Colón scores
Batting: RHB Mike Gaughan 0-0: Foul Ball, location: 23F
0-1: Called Strike
0-2: Foul Ball, location: 2F
0-2: Strikes out swinging
Bottom of the 4th over - 4 runs, 3 hits, 0 errors, 1 left on base; Fredericksburg 0 - Down East 14
TOP OF THE 5TH
Fredericksburg Nationals batting - Pitching for Down East Wood Ducks : RHP Dominic Boyer
Batting: RHB Víctor Peña 0-0: Ball
1-0: Foul Ball, location: 9LMF
1-1: Ball
2-1: Foul Ball, location: 2F
2-2: Strikes out swinging
Batting: RHB Esteban Gonzáles 0-0: Ground out 4-3 (Groundball, 4, EV 107.5 MPH)
Batting: RHB Pat Conley 0-0: Foul Ball, location: 3SF
0-1: Ball
1-1: Ball
2-1: Called Strike
2-2: Strikes out swinging
Top of the 5th over - 0 runs, 0 hits, 0 errors, 0 left on base; Fredericksburg 0 - Down East 14
BOTTOM OF THE 5TH
Down East Wood Ducks batting - Pitching for Fredericksburg Nationals : RHP Danny Lane
Batting: RHB Chris Sherman 0-0: Ball
1-0: Ball
2-0: Ball
3-0: Base on Balls
Batting: SHB Jim Unknown 0-0: DOUBLE (Line Drive, 89D, EV 110.6 MPH)
Chris Sherman to third
Batting: RHB Jim Unknown 0-0: Ball
1-0: Ball
2-0: Foul Ball, location: 2F
2-1: 3-RUN HOME RUN (Line Drive, 78XD, EV 97.5 MPH), Distance : 394 ft
Batting: RHB Steve Boyd 0-0: Ball
1-0: Ground out 4-3 (Groundball, 4, EV 88.1 MPH)
Batting: RHB Jorge Colón 0-0: Ball
1-0: Ball
2-0: Ball
3-0: Base on Balls
Batting: RHB Tim Jones 0-0: Called Strike
0-1: Called Strike
0-2: Strikes out swinging
Batting: RHB Bob Barlow 0-0: Ball
1-0: Called Strike
1-1: Called Strike
1-2: Ball
2-2: Foul Ball, location: 3F
2-2: Strikes out swinging
Bottom of the 5th over - 3 runs, 2 hits, 0 errors, 1 left on base; Fredericksburg 0 - Down East 17
TOP OF THE 6TH
Fredericksburg Nationals batting - Pitching for Down East Wood Ducks : RHP Dominic Boyer
Batting: RHB Edgar Ramírez 0-0: Foul Ball, location: 5FF
0-1: Ball
1-1: Ball
2-1: Swinging Strike
2-2: TRIPLE (Flyball, 78XD, EV 108.1 MPH)
Batting: RHB Darren Floyd 0-0: Ball
1-0: Called Strike
1-1: Ball
2-1: Foul Ball, location: 7LSF
2-2: Foul Ball, location: 2F
2-2: Foul Ball, location: 2F
2-2: Strikes out swinging
Batting: LHB Steve Norton 0-0: Ground out U3 (Groundball, 3, EV 89.4 MPH)
Batting: RHB Kieran Pittman 0-0: Called Strike
0-1: Fly out, F8 (Flyball, 8LM, EV 89.4 MPH)
Top of the 6th over - 0 runs, 1 hit, 0 errors, 1 left on base; Fredericksburg 0 - Down East 17
BOTTOM OF THE 6TH
Down East Wood Ducks batting - Pitching for Fredericksburg Nationals : RHP Danny Lane
Batting: LHB Jonathan Morgan 0-0: Ground out 1-3 (Groundball, 15, EV 63.8 MPH)
Batting: RHB Mike Gaughan 0-0: Called Strike
0-1: Swinging Strike
0-2: Strikes out swinging
Batting: RHB Chris Sherman 0-0: Called Strike
0-1: Foul Ball, location: 5F
0-2: Foul Ball, location: 25FF
0-2: Ball
1-2: SINGLE (Line Drive, 6MD, EV 100.0 MPH)
Batting: SHB Jim Unknown 0-0: Ball
1-0: Ball
2-0: Swinging Strike
2-1: Called Strike
2-2: Foul Ball, location: 2F
2-2: Ball
3-2: Base on Balls
Chris Sherman to second
Batting: RHB Jim Unknown 0-0: Fly out, F9 (Line Drive, 89M, EV 88.1 MPH)
Bottom of the 6th over - 0 runs, 1 hit, 0 errors, 2 left on base; Fredericksburg 0 - Down East 17
TOP OF THE 7TH
Fredericksburg Nationals batting - Pitching for Down East Wood Ducks : RHP Dominic Boyer
Pitching: RHP José Bueno
Batting: LHB Jacome Passos 0-0: Ball
1-0: Swinging Strike
1-1: DOUBLE (Line Drive, 9LD, EV 103.8 MPH)
Pinch Hitting: RHB José Salquero 0-0: Ground out 6-3 (Groundball, 6, EV 81.3 MPH)
Jacome Passos to third
Pinch Hitting: RHB José Ibarra 0-0: Ball
1-0: Ground out 5-3 (Groundball, 56S, EV 69.4 MPH)
Jacome Passos scores
Pinch Hitting: LHB Orlando Jiménez 0-0: Ball
1-0: Ball
2-0: Ball
3-0: Base on Balls
Pinch Hitting: RHB Kurt Gilmore 0-0: Called Strike
0-1: Swinging Strike
0-2: Ball
1-2: Ball
2-2: Strikes out swinging
Top of the 7th over - 1 run, 1 hit, 0 errors, 1 left on base; Fredericksburg 1 - Down East 17
BOTTOM OF THE 7TH
Down East Wood Ducks batting - Pitching for Fredericksburg Nationals : RHP Danny Lane
Now at 2B: Kurt Gilmore
Now at SS: Octávio Cabrera
Now in LF: Orlando Jiménez
Now in RF: José Ibarra
Pinch Hitting: RHB Jim Unknown 0-0: Fly out, F3 (Popup, 3F, EV 79.4 MPH)
Batting: LHB Jim Unknown 0-0: Called Strike
0-1: Foul Ball, location: 2F
0-2: Ball
1-2: Ball
2-2: Strikes out looking
Pinch Hitting: LHB Jim Unknown 0-0: SOLO HOME RUN (Flyball, 89XD, EV 100.0 MPH), Distance : 386 ft
Pinch Hitting: RHB Jim Unknown 0-0: Ball
1-0: DOUBLE (Line Drive, 78XD, EV 106.3 MPH)
Pinch Hitting: SHB Jim Unknown 0-0: Ball
1-0: Ball
2-0: Swinging Strike
2-1: Foul Ball, location: 7LMF
2-2: Ball
3-2: Strikes out swinging
Bottom of the 7th over - 1 run, 2 hits, 0 errors, 1 left on base; Fredericksburg 1 - Down East 18
TOP OF THE 8TH
Fredericksburg Nationals batting - Pitching for Down East Wood Ducks : RHP José Bueno
Now at 1B: Jim Unknown
Now at 3B: Jim Unknown
Now in LF: Jim Unknown
Now in CF: Jim Unknown
Now in RF: Mike Gaughan
Pinch Hitting: SHB Juan Ramírez 0-0: Called Strike
0-1: Swinging Strike
0-2: SINGLE (Groundball, 3D, EV 101.9 MPH)
Batting: LHB Phil Stanley 0-0: Ball
1-0: Ball
2-0: Ball
3-0: Base on Balls
Juan Ramírez to second
Pinch Hitting: RHB Mike Coleman 0-0: Fly out, F4 (Popup, 4, EV 68.1 MPH)
Batting: RHB Kieran Pittman 0-0: Called Strike
0-1: Foul Ball, location: 7LSFF
0-2: Strikes out swinging
Batting: LHB Jacome Passos 0-0: Foul Ball, location: 25F
0-1: Ball
1-1: Ball
2-1: Ball
3-1: Ground out 4-3 (Groundball, 4D, EV 101.9 MPH)
Top of the 8th over - 0 runs, 1 hit, 0 errors, 2 left on base; Fredericksburg 1 - Down East 18
BOTTOM OF THE 8TH
Down East Wood Ducks batting - Pitching for Fredericksburg Nationals : RHP Danny Lane
Now at 1B: Mike Coleman
Now at 2B: Juan Ramírez
Now at 3B: Kurt Gilmore
Pinch Hitting: LHB Jim Unknown 0-0: Ball
1-0: Ball
2-0: Ball
3-0: Base on Balls
Pitching: LHP Lance Rickard
Batting: RHB Chris Sherman 0-0: Called Strike
0-1: SINGLE (Groundball, 56, EV 101.9 MPH) (infield hit)
Jim Unknown to second
Batting: SHB Jim Unknown 0-0: Ball
1-0: Swinging Strike
1-1: Foul Ball, location: 3F
1-2: Foul Ball, location: 5F
1-2: Ball
Wild Pitch!
Jim Unknown to third
Chris Sherman to second
2-2: Foul Ball, location: 2F
2-2: Fly out, F8 (Flyball, 89D, EV 75.6 MPH)
Runner from 3rd tags up, SCORES, throw by CF
Chris Sherman to third
Batting: RHB Jim Unknown 0-0: Ball
1-0: Ground out 6-3 (Groundball, 6, EV 92.5 MPH)
Chris Sherman scores
Pinch Hitting: LHB Jim Unknown 0-0: Fly out, F8 (Flyball, 8LS, EV 89.4 MPH)
Bottom of the 8th over - 2 runs, 1 hit, 0 errors, 0 left on base; Fredericksburg 1 - Down East 20
TOP OF THE 9TH
Fredericksburg Nationals batting - Pitching for Down East Wood Ducks : RHP José Bueno
Now in LF: Jim Unknown
Now in CF: Jim Unknown
Now in RF: Jim Unknown
Pinch Hitting: RHB José Marino 0-0: Fly out, F8 (Line Drive, 8RM, EV 88.8 MPH)
Batting: RHB José Ibarra 0-0: Called Strike
0-1: Fly out, F4 (Popup, 3D, EV 64.4 MPH)
Batting: LHB Orlando Jiménez 0-0: Foul Ball, location: 23F
0-1: Ball
1-1: Called Strike
1-2: SINGLE (Groundball, 6MD, EV 100.6 MPH)
Pinch Hitting: RHB Joe Robbins 0-0: Ball
1-0: Foul Ball, location: 23FF
1-1: Fly out, F9 (Flyball, 9, EV 85.6 MPH)
Top of the 9th over - 0 runs, 1 hit, 0 errors, 1 left on base; Fredericksburg 1 - Down East 20
Wednesday, May 1st , 2024 - OOTP Baseball 24.10 Build 82